 Dungeon Crawl Stone Soup version 0.25.0-9-g26727b6 (webtiles) character file.

Game seed: 17495708608554708436

1517 Faca the Slasher (level 8, -2/64 HPs)
             Began as a Gnoll Wanderer on June 19, 2020.
             Killed by divine providence
             ... invoked by an orc priest
              (11 damage)
             ... on level 6 of the Dungeon.
             The game lasted 00:09:34 (5419 turns).

Faca the Slasher (Gnoll Wanderer)                   Turns: 5419, Time: 00:09:35

Health: -2/64      AC: 12    Str: 14    XL:     8   Next: 83%
Magic:  13/13      EV: 11    Int: 15    God:
Gold:   345        SH:  6    Dex: 17    Spells: 14/14 levels left

rFire    + . .     SeeInvis +   a - +3 falchion
rCold    + . .     Gourm    .   c - +0 buckler
rNeg     . . .     Faith    .   q - +0 scale mail
rPois    .         Spirit   .   (no helmet)
rElec    .         Reflect  .   d - scarf {rC+ rF+}
rCorr    .         Harm     .   j - +0 pair of gloves
MR       .....                  (no boots)
Stlth    ++........             (no amulet)
HPRegen  0.20/turn              l - +4 ring of protection
MPRegen  0.13/turn              k - ring of see invisible

@: no status effects
A: distributed training, fangs 1, strong nose
a: no special abilities


You were on level 6 of the Dungeon.
You were not hungry.

You visited 1 branch of the dungeon, and saw 6 of its levels.

You collected 345 gold pieces.

Inventory:

Hand Weapons
 a - a +3 falchion (weapon)
 o - a +0 short sword of venom
Missiles
 r - 10 boomerangs (quivered)
 t - a throwing net
Armour
 c - a +0 buckler (worn)
 d - a scarf of resistance (worn)
 j - a +0 pair of gloves (worn)
 q - a +0 scale mail (worn)
Jewellery
 k - a ring of see invisible (right hand)
 l - a +4 ring of protection (left hand)
Scrolls
 e - 3 scrolls of teleportation
 h - 2 scrolls of identify
 p - 2 scrolls of enchant weapon
 u - 4 scrolls of fear
Potions
 b - a potion of lignification
 m - a potion of haste
 n - a potion of flight
 w - a potion of resistance
Comestibles
 f - 11 rations
 i - 6 chunks of flesh


   Skills:
 + Level 5.8 Fighting
 + Level 3.5 Short Blades
 + Level 7.5 Long Blades
 + Level 3.5 Axes
 + Level 3.5 Maces & Flails
 + Level 3.5 Polearms
 + Level 3.5 Staves
 + Level 3.5 Slings
 + Level 3.5 Bows
 + Level 3.5 Crossbows
 + Level 3.5 Throwing
 + Level 5.8 Armour
 + Level 3.5 Dodging
 + Level 4.3 Stealth
 + Level 5.8 Shields
 + Level 3.5 Unarmed Combat
 + Level 3.5 Spellcasting
 + Level 2.9 Conjurations
 + Level 2.9 Hexes
 + Level 2.9 Charms
 + Level 2.9 Summonings
 + Level 2.9 Necromancy
 + Level 2.9 Translocations
 + Level 2.9 Transmutations
 + Level 2.9 Fire Magic
 + Level 2.9 Ice Magic
 + Level 2.9 Air Magic
 + Level 2.9 Earth Magic
 + Level 2.9 Poison Magic
 + Level 3.9 Invocations
 + Level 3.5 Evocations


You had 14 spell levels left.
You didn't know any spells.
Your spell library was empty.

Dungeon Overview and Level Annotations

Branches:
Dungeon (6/15)
 Temple: D:4-7

Altars:
Ashenzari
Dithmenos
Fedhas
Vehumet


Innate Abilities, Weirdness & Mutations

Your experience applies equally to all skills.
You have very sharp teeth.
Your uncanny sense of smell can sniff out nearby items.


Message History

You hit the orc priest.
The orc priest is moderately wounded.
The orc warrior hits you with a cursed -1 trident!
* * * LOW HITPOINT WARNING * * *
The orc misses you.
The orc priest hits you but does no damage.
You hit the orc priest but do no damage.
The orc priest is moderately wounded.
You block the orc warrior's attack. The orc closely misses you.
The orc priest looks encouraged for a moment.
You closely miss the orc priest.
The orc priest is moderately wounded.
The orc warrior hits you but does no damage.
The orc closely misses you. You block the orc priest's attack.
You barely miss the orc priest.
The orc priest is moderately wounded.
You block the orc warrior's attack. You block the orc's attack.
The orc priest invokes the aid of Beogh against you.
Beogh smites you!
You die...

....................#.#
........o.......[...#.##
...........########....#
...?.......##### ######
..########oo...# .##
#####.# . ##)######## .
#..o...(..# #..o@†....#
#..o......# #^..(.....#
............#
###.........#
#.........# ###########


You could see an orc warrior, an orc priest and an orc.

Vanquished Creatures
  2 phantoms
  A sky beast (D:5)
  3 ogres
  A scorpion (D:4)
  2 howler monkeys
  3 crimson imps
  2 hounds (D:5)
  4 orc priests
  An iguana (D:2)
  6 worker ants
  6 orc wizards
  A hound zombie (D:5)
  11 adders
  An ooze (D:2)
  An adder skeleton (D:6)
  3 worms
  3 dart slugs
  2 leopard geckos (D:5)
  20 orcs
  3 ball pythons
  5 bats
  4 giant cockroaches
  6 goblins
  7 hobgoblins
  7 jackals (D:1)
  9 kobolds
  8 quokkas
  6 frilled lizards
  A giant cockroach zombie (D:6)
  2 jackal skeletons (D:5)
  2 rats (D:3)
133 creatures vanquished.

Notes
Turn   | Place    | Note
-------+----------+-------------------------------------------
     0 | D:1      | Faca the Gnoll Wanderer began the quest for the Orb.
     0 | D:1      | Faca set off with the following items: a +2 falchion, a
                  | potion of lignification, a +0 buckler, a +0 robe, a ration
     0 | D:1      | Reached XP level 1. HP: 20/20 MP: 1/1
    30 | D:1      | Found a shattered altar of Ashenzari.
   238 | D:1      | Reached XP level 2. HP: 25/26 MP: 2/2
   590 | D:1      | Reached XP level 3. HP: 30/31 MP: 3/3
  1219 | D:2      | Reached skill level 1 in Invocations
  1388 | D:2      | Found a shadowy altar of Dithmenos.
  1401 | D:2      | Reached skill level 1 in Short Blades
  1401 | D:2      | Reached skill level 1 in Axes
  1401 | D:2      | Reached skill level 1 in Maces & Flails
  1401 | D:2      | Reached skill level 1 in Polearms
  1401 | D:2      | Reached skill level 1 in Staves
  1401 | D:2      | Reached skill level 1 in Slings
  1401 | D:2      | Reached skill level 1 in Bows
  1401 | D:2      | Reached skill level 1 in Crossbows
  1401 | D:2      | Reached skill level 1 in Throwing
  1401 | D:2      | Reached skill level 1 in Dodging
  1401 | D:2      | Reached skill level 1 in Unarmed Combat
  1401 | D:2      | Reached skill level 1 in Spellcasting
  1401 | D:2      | Reached skill level 1 in Evocations
  1401 | D:2      | Reached XP level 4. HP: 34/38 MP: 5/5
  1706 | D:2      | Reached skill level 1 in Conjurations
  1706 | D:2      | Reached skill level 1 in Hexes
  1706 | D:2      | Reached skill level 1 in Charms
  1706 | D:2      | Reached skill level 1 in Summonings
  1706 | D:2      | Reached skill level 1 in Necromancy
  1706 | D:2      | Reached skill level 1 in Translocations
  1706 | D:2      | Reached skill level 1 in Transmutations
  1706 | D:2      | Reached skill level 1 in Fire Magic
  1706 | D:2      | Reached skill level 1 in Ice Magic
  1706 | D:2      | Reached skill level 1 in Air Magic
  1706 | D:2      | Reached skill level 1 in Earth Magic
  1706 | D:2      | Reached skill level 1 in Poison Magic
  1921 | D:3      | Reached XP level 5. HP: 40/43 MP: 6/6
  2456 | D:3      | Reached XP level 6. HP: 50/50 MP: 8/8
  3183 | D:4      | Reached skill level 5 in Fighting
  3183 | D:4      | Reached skill level 5 in Armour
  3183 | D:4      | Reached skill level 5 in Shields
  3405 | D:4      | Noticed a phantom
  3412 | D:4      | Reached XP level 7. HP: 29/56 MP: 10/10
  3440 | D:4      | Reached skill level 7 in Long Blades
  3708 | D:4      | Found a blossoming altar of Fedhas.
  3708 | D:4      | Found a radiant altar of Vehumet.
  4162 | D:5      | Entered Level 5 of the Dungeon
  4305 | D:5      | Found a shattered altar of Ashenzari.
  4410 | D:5      | Reached XP level 8. HP: 56/63 MP: 12/12
  5419 | D:6      | Killed from afar by an orc priest

Illustrated notes

Levels and vault maps discovered:
D:1:      dpeg_arrival_rooms_c, layout_loops_ring, minmay_misc_feat_pillars,
          chequers_big_river, serial_bayou_pond_d, nicolae_ashenzari_panopticon
D:2:      layout_rooms, grunt_dithmenos_smoke, first_ration,
          minmay_crystal_water
D:3:      layout_loops_corners, minmay_starry_boxes
D:4:      layout_basic, gammafunk_temple_overflow_elements
D:5:      layout_loops_ring, overflow_temple_1_default, portal_sewer_entry_f
D:6:      layout_rooms, minmay_temple_entry_statues_fountains, uniq_pikel

Skill      XL: |  1  2  3  4  5  6  7  8 |
---------------+-------------------------+-----
Invocations    | 1 2 3 |  3.9
Short Blades   | 1 2 3 |  3.5
Axes           | 1 2 3 |  3.5
Maces & Flails | 1 2 3 |  3.5
Polearms       | 1 2 3 |  3.5
Staves         | 1 2 3 |  3.5
Slings         | 1 2 3 |  3.5
Bows           | 1 2 3 |  3.5
Crossbows      | 1 2 3 |  3.5
Throwing       | 1 2 3 |  3.5
Dodging        | 1 2 3 |  3.5
Unarmed Combat | 1 2 3 |  3.5
Spellcasting   | 1 2 3 |  3.5
Evocations     | 1 2 3 |  3.5
Conjurations   | 1 2 |  2.9
Hexes          | 1 2 |  2.9
Charms         | 1 2 |  2.9
Summonings     | 1 2 |  2.9
Necromancy     | 1 2 |  2.9
Translocations | 1 2 |  2.9
Transmutations | 1 2 |  2.9
Fire Magic     | 1 2 |  2.9
Ice Magic      | 1 2 |  2.9
Air Magic      | 1 2 |  2.9
Earth Magic    | 1 2 |  2.9
Poison Magic   | 1 2 |  2.9
Stealth        | 3 4 |  4.3
Fighting       | 5 |  5.8
Armour         | 5 |  5.8
Shields        | 5 |  5.8
Long Blades    | 7 |  7.5

Action                   |  1- 3 |  4- 6 |  7- 9 || total
-------------------------+-------+-------+-------++-------
Melee: Falchion          |    75 |   184 |   256 ||   515
       Bite              |    10 |    22 |    31 ||    63
Throw: Boomerang         |       |       |     8 ||     8
  Use: Scroll            |     1 |    10 |     2 ||    13
       Potion            |       |     1 |     2 ||     3
 Stab: Sleeping          |     2 |     2 |       ||     4
  Eat: Chunk             |       |     8 |     7 ||    15
Armor: Robe              |    16 |       |       ||    16
       Ring mail         |    10 |     9 |       ||    19
       Scale mail        |       |    66 |   111 ||   177
Dodge: Dodged            |    43 |    68 |   109 ||   220
Block: Buckler           |    34 |    42 |    55 ||   131
       Rpst.: Falchion   |    14 |    17 |    32 ||    63
